AoeStats
← Tetragamenon11

Arabia

509651578Analyzed
1v1 RM · 6d ago on Sep 27, 2026· 66m 19s· 2 players
Game mode
Random Map
Map size
Tiny (2 player)
Population
200
Speed
Normal
Resources
Standard
Victory
Conquest
Starting age
Dark Age
Ending age
Imperial Age
RankedLock teamsTeams togetherTeam positionsShared explorationLock speedFull tech treeHidden civsTurbo modeCheats
Victory
Defeat
🇵🇪 Inca · Peru
1310
+18
🇪🇨 Jurchens · Ecuador
1344
-18
Tetragamenon11
7:12 Loom
10:33 Feudal Age
11:10 Champi Runner
14:34 Scale Mail Armor
15:43 Double-Bit Axe
16:05 Horse Collar
17:48 Forging
21:26 Gold Mining
25:20 Castle Age
25:23 Pikeman
26:06 Squires
26:42 Iron Casting
26:52 Chain Mail Armor
27:49 Fletching
30:39 Champi Warrior
36:46 Wheelbarrow
35:57 Town Watch
36:24 Bow Saw
38:38 Heavy Plow
41:13 Imperial Age
41:03 Stone Mining
41:42 Bodkin Arrow
42:42 Plate Mail Armor
42:21 Onager
43:18 Elite Champi Warrior
47:08 Fabric Shields
48:23 Blast Furnace
49:11 Stone Shaft Mining
49:46 Halberdier
50:37 Bodkin Arrow
52:56 Elite Skirmisher
55:51 Bracer
55:52 Padded Archer Armor
57:28 Chemistry
56:52 Ballistics
57:40 Crop Rotation
59:55 Leather Archer Armor
Clint Southwood
5:23 Loom
9:52 Feudal Age
10:34 Double-Bit Axe
22:03 Castle Age
21:07 Scale Barding Armor
21:21 Horse Collar
21:41 Gold Mining
22:30 Forging
23:23 Husbandry
27:34 Fletching
29:40 Padded Archer Armor
31:42 Bodkin Arrow
34:42 Wheelbarrow
34:09 Stone Mining
37:27 Imperial Age
37:34 Scale Mail Armor
38:25 Leather Archer Armor
37:57 Capped Ram
41:21 Stone Shaft Mining
40:46 Siege Ram
42:58 Chain Mail Armor
46:19 Bracer
49:12 Chemistry
48:58 Conscription
48:58 Squires
50:06 Chain Barding Armor
51:14 Ballistics
52:17 Iron Casting
55:12 Plate Barding Armor
58:49 Elite Iron Pagoda
60:40 Ring Archer Armor
62:24 Blast Furnace
62:52 Hoardings
Connection lost

Rejoining the realm…

Still unreachable

The connection could not be restored.

Session expired

The server has moved on; the page needs a fresh start.